 Dungeon Crawl Stone Soup version 0.18-b1-22-ge198996 (webtiles) character file.

848 Wooh the Bolt Thrower (level 8, -2/51 HPs)
             Began as a Kobold Hunter on May 3, 2016.
             Was a Follower of Dithmenos.
             Slain by a sky beast (6 damage)
             ... on level 6 of the Dungeon.
             The game lasted 00:18:01 (5274 turns).

Wooh the Bolt Thrower (Kobold Hunter)               Turns: 5274, Time: 00:18:02

Health: -2/51      AC:  5    Str: 12    XL:     8   Next: 20%
Magic:  8/8        EV: 20    Int:  9    God:    Dithmenos [*.....]
Gold:   244        SH:  0    Dex: 20    Spells: 0 memorised, 7 levels left

rFire  . . .     SeeInvis .     s - +1 quarterstaff (crush)
rCold  . . .     Gourm    .     c - +0 leather armour
rNeg   + . .     Faith    .     (shield currently unavailable)
rPois  .         Spirit   .     (no helmet)
rElec  .         Dismiss  .     y - +0 cloak
rCorr  .         Reflect  .     u - +0 pair of gloves
SustAt .         Harm     .     (no boots)
MR     .....                    (no amulet)
Stlth  ++........               r - +3 ring of dexterity
                                C - ring of positive energy

@: wreathed by umbra, not resistant to hostile enchantments, unstealthy
A: carnivore 3
a: Renounce Religion


You were on level 6 of the Dungeon.
You worshipped Dithmenos.
Dithmenos was aware of your devotion.
You were very full.

You visited 1 branch of the dungeon, and saw 6 of its levels.

You collected 244 gold pieces.

Inventory:

Hand Weapons
 a - a +1 hand crossbow
 b - a +2 mace of holy wrath
 s - a +1 quarterstaff of crushing (weapon)
Missiles
 d - 115 bolts
Armour
 c - a +0 leather armour (worn)
 u - a +0 pair of gloves (worn)
 y - a +0 cloak (worn)
Jewellery
 g - an uncursed ring of protection from cold
 r - a +3 ring of dexterity (right hand)
 A - an uncursed ring of sustain attributes
 C - a ring of positive energy (left hand)
Scrolls
 e - a scroll of fear {unknown}
 j - 4 scrolls of remove curse
 l - 3 scrolls of blinking {unknown}
 p - 2 scrolls of magic mapping {unknown}
 t - 2 scrolls of recharging {unknown}
 v - 2 scrolls of amnesia {unknown}
 x - a scroll of fog {unknown}
 z - 2 scrolls of identify
Potions
 h - 2 potions of degeneration
 i - 2 potions of invisibility
 k - a potion of brilliance
 m - a potion of agility {unknown}
 n - 4 potions of curing
 w - a potion of might {unknown}
Books
 q - a book of Ice

   Spells                             Type                      Level
   a - Ice Form                       Ice/Transmutation            4
   b - Metabolic Englaciation         Hexes/Ice                    5
   c - Ozocubu's Refrigeration        Ice                          6
   d - Bolt of Cold                   Conjuration/Ice              6
   e - Freezing Cloud                 Conjuration/Ice/Air          6
   f - Simulacrum                     Ice/Necromancy               6
Comestibles
 f - 9 meat rations
 o - a slice of pizza


   Skills:
 - Level 6.2 Fighting
 + Level 7.0 Crossbows
 - Level 6.8 Dodging
 - Level 1.3 Stealth


You had 7 spell levels left.
You didn't know any spells.

Dungeon Overview and Level Annotations

Branches:
Dungeon (6/15)
 Temple: D:4-7

Altars:
Dithmenos
Gozag
Nemelex Xobeh
Zin

Shops:
D:5 *


Innate Abilities, Weirdness & Mutations

You are small and have problems with some larger weapons.
You are carnivorous and can eat meat at any time.


Message History

You hit something. Something hits you. Something shocks you.
Something hits you. Something shocks you.
You sock something! Something hits you. Something shocks you.
You hit something but do no damage. Something closely misses you.
You barely miss something.
A sky beast appears from thin air!
Reactivating autopickup.
The sky beast closely misses you.
The sky beast flickers out of sight!
Deactivating autopickup; reactivate with Ctrl-A.
Something hits you but does no damage.
You miss something. Something hits you. Something shocks you.
You barely miss something. Something hits you. Something shocks you.
* * * LOW HITPOINT WARNING * * *
You closely miss something. Something hits you.
* * * LOW HITPOINT WARNING * * *
Something shocks you.
* * * LOW HITPOINT WARNING * * *
Something hits you.
* * * LOW HITPOINT WARNING * * *
Something shocks you.
You die...

##...... ......#
#.....######.. #
#..........#[... ..
............... ...
... .....#.... ....
#≈# #....#... .....
#.###........
..?...#@.......#####
....................
.....##........######
.... #.........<...#
...
#.....#..####..... ..
#........# ... <
#.....##.... .
.....#####.### ....##
#.#


There were no monsters in sight!

Vanquished Creatures
  An ice beast (D:5)
  A phantom (D:5)
  A necrophage (D:5)
  2 centaurs (D:5)
  A scorpion (D:5)
  2 crimson imps (D:5)
  2 orc priests
  2 iguanas (D:4)
  An orc wizard (D:5)
  A worker ant (D:5)
  3 gnolls (D:2)
  3 adders
  An ooze (D:2)
  4 worms
  2 dart slugs
  3 giant geckos
  13 orcs
  3 giant cockroaches
  4 hobgoblins
  3 jackals (D:2)
  7 kobolds
  A quokka (D:3)
  7 bats
  A giant gecko skeleton (D:5)
  A giant gecko zombie (D:5)
  2 giant newts (D:3)
  6 goblins
  A quokka skeleton (D:5)
  3 rats
82 creatures vanquished.

Notes
Turn   | Place    | Note
--------------------------------------------------------------
     0 | D:1      | Wooh the Kobold Hunter began the quest for the Orb.
     0 | D:1      | Reached XP level 1. HP: 12/12 MP: 1/1
   165 | D:1      | Reached XP level 2. HP: 18/18 MP: 2/2
  1132 | D:1      | Reached XP level 3. HP: 12/23 MP: 3/3
  1340 | D:2      | Found a glowing silver altar of Zin.
  1341 | D:2      | Found a sparkling altar of Nemelex Xobeh.
  1345 | D:2      | Found an opulent altar of Gozag.
  1398 | D:2      | Found a shadowy altar of Dithmenos.
  1425 | D:2      | Became a worshipper of Dithmenos the Shadowed
  1802 | D:2      | Reached XP level 4. HP: 23/30 MP: 4/4
  2325 | D:2      | Reached skill level 5 in Fighting
  2411 | D:3      | Reached XP level 5. HP: 32/35 MP: 5/5
  2650 | D:3      | Reached * piety under Dithmenos
  3757 | D:4      | Reached XP level 6. HP: 21/40 MP: 6/6
  3964 | D:5      | Entered Level 5 of the Dungeon
  3972 | D:5      | Reached skill level 5 in Dodging
  4002 | D:5      | Noticed a phantom
  4022 | D:5      | Killed a phantom
  4133 | D:5      | Reached XP level 7. HP: 37/44 MP: 7/7
  4349 | D:5      | Reached skill level 5 in Crossbows
  4894 | D:5      | Reached skill level 6 in Crossbows
  4894 | D:5      | Reached XP level 8. HP: 49/51 MP: 8/8
  4943 | D:5      | Found Suivvahu's Assorted Antiques.
  5141 | D:5      | Reached skill level 7 in Crossbows
  5274 | D:6      | Slain by a sky beast

Skill      XL: |  1  2  3  4  5  6  7  8 |
---------------+-------------------------+-----
Fighting       | 3 4 5 6 |  6.2
Dodging        | 4 6 |  6.8
Crossbows      | 6 7 |  7.0
Stealth        | |  1.3

Action                   |  1- 3 |  4- 6 |  7- 9 || total
-------------------------+-------+-------+-------++-------
Melee: Short sword       |   102 |    31 |       ||   133
       Quarterstaff      |       |    56 |    78 ||   134
       Mace              |       |    11 |       ||    11
 Fire: Hand crossbow     |    10 |    26 |    26 ||    62
  Use: Scroll            |       |     5 |       ||     5
 Stab: Sleeping          |     7 |     2 |     1 ||    10
       Distracted        |       |       |     1 ||     1
  Eat: Chunk             |    11 |     3 |     6 ||    20
Armor: Leather armour    |    26 |    13 |    15 ||    54
Dodge: Dodged            |    79 |    98 |   105 ||   282
